 Dungeon Crawl Stone Soup version 0.28-a0-697-g47f3eba078 (webtiles) character file.

Game seed: 14141654716471210753

229 omnomnOMINOUS the Magician (level 6, -6/42 HPs)
             Began as an Octopode Wanderer on Oct 24, 2021.
             Was a Believer of Fedhas.
             Mangled by a kobold brigand (7 damage)
             ... in a sewer.
             The game lasted 00:07:06 (4487 turns).

omnomnOMINOUS the Magician (Octopode Wanderer)      Turns: 4487, Time: 00:07:07

Health: -6/42      AC:  1    Str: 10    XL:     6   Next: 3%
Magic:  13/13      EV: 13    Int: 19    God:    Fedhas [**....]
Gold:   60         SH:  0    Dex: 10    Spells: 12/15 levels left

rFire   . . .      SeeInvis .   a - +2 dagger
rCold   . . .      Faith    .   (no shield)
rNeg    . . .      Spirit   .   (helmet restricted)
rPois   .          Reflect  .   (no amulet)
rElec   .          Harm     .   d - ring of resist corrosion
rCorr   +          Rampage  .   (no ring)
Will    .....                   (no ring)
Stlth   ++........              (no ring)
HPRegen 0.14/turn               (no ring)
MPRegen 0.13/turn               (no ring)
                                (no ring)
                                (no ring)

@: hasted, very quick
A: almost no armour, amphibious, 8 rings, camouflage 1, gelatinous body 1,
(nimble swimmer 1), tentacles
a: Renounce Religion, Wall of Briars


You were in a sewer.
You worshipped Fedhas.
Fedhas was pleased with you.
You visited 1 branch of the dungeon, and saw 3 of its levels.
You also visited: Sewer.

You collected 60 gold pieces.

Inventory:

Hand Weapons
 a - a +2 dagger (weapon)
Missiles
 b - 3 curare-tipped darts (quivered)
 s - 4 poisoned darts
Jewellery
 d - a ring of resist corrosion (left tentacle)
Scrolls
 g - 2 scrolls of blinking {unknown}
 h - 3 scrolls of identify {unknown}
 j - a scroll of silence {unknown}
 k - a scroll of fear {unknown}
 m - a scroll of fog {unknown}
 o - a scroll of brand weapon {unknown}
 r - a scroll of teleportation {unknown}
Potions
 e - 3 potions of cancellation
 f - a potion of brilliance {unknown}
 i - a potion of heal wounds {unknown}
 l - a potion of resistance {unknown}
 n - a potion of mutation {unknown}
 p - a potion of haste
 q - a potion of might {unknown}


   Skills:
 + Level 3.0 Fighting
 - Level 1.0 Throwing
 + Level 3.0 Dodging
 - Level 1.3 Stealth
 - Level 5.0 Spellcasting
 + Level 3.8 Summonings
 - Level 1.0 Fire Magic


You had 12 spell levels left.
You knew the following spells:

 Your Spells              Type           Power      Damage    Failure   Level
a - Call Canine Familiar  Summ           19%        N/A       8%          3

Your spell library contained the following spells:

 Spells                   Type           Power      Damage    Failure   Level
 Summon Small Mammal      Summ           76%        N/A       2%          1
 Foxfire                  Conj/Fire      24%        2x1d5     10%         1
 Ignite Poison            Fire/Tmut/Pois 6%         N/A       32%         3


Dungeon Overview and Level Annotations

Branches:
Dungeon (3/15)              Sewer (1/1)

Altars:
Fedhas


Innate Abilities, Weirdness & Mutations

You cannot wear most types of armour.
You are amphibious.
You can wear up to eight rings at the same time.
Your skin changes colour to match your surroundings (Stealth+).
Your rubbery body absorbs attacks. (AC +1, EV +1)
((You are camouflaged near water. (Stealth+)))
You have tentacles for arms and can constrict up to eight enemies at once.


Message History

You feel very sick.
You feel sick.
The kobold brigand hits you with a +0 short sword.
You barely miss the kobold brigand. You grab the kobold brigand.
You constrict the kobold brigand, but do no damage.
You feel sick. The kobold brigand closely misses you.
You hit the kobold brigand but do no damage.
You constrict the kobold brigand.
You feel sick.
The kobold brigand hits you with a +0 short sword.
You hit the kobold brigand.
The kobold brigand is lightly wounded.
You constrict the kobold brigand.
You feel sick.
The kobold brigand hits you with a +0 short sword!
* * * LOW HITPOINT WARNING * * *
It was a potion of curing.
You feel better.
You constrict the kobold brigand.
The kobold brigand completely misses you.
The kobold hits you with a +0 whip.
You hit the kobold brigand.
You squeeze the kobold brigand, but do no damage.
The kobold brigand is moderately wounded.
You constrict the kobold brigand.
The kobold brigand hits you with a +0 short sword!
* * * LOW HITPOINT WARNING * * *
The kobold hits you with a +0 whip.
* * * LOW HITPOINT WARNING * * *
You feel better.
You constrict the kobold brigand. The kobold brigand misses you.
The kobold hits you with a +0 whip.
* * * LOW HITPOINT WARNING * * *
You hit the kobold brigand.
The kobold brigand is heavily wounded.
You constrict the kobold brigand.
The kobold brigand hits you with a +0 short sword.
* * * LOW HITPOINT WARNING * * *
The kobold hits you with a +0 whip.
* * * LOW HITPOINT WARNING * * *
It was a potion of haste.
You feel yourself speed up.
You constrict the kobold brigand.
The kobold brigand hits you with a +0 short sword!
You die...
Fedhas appreciates your contribution to the ecosystem.

#..## ##...## # ...
#≈.≈..##### .≈?
#.....w≈≈≈≈ .?.
#..≈.≈##### #≈#
##≈..## # #.# ##†##
#.# #≈# #K# #≈#
##@## ##≈## ##≈K.##
##.≈.## #
#...≈.####≈....#####
#...≈.≈≈≈≈...≈≈≈≈≈≈≈
#≈...≈####...≈≈#####
##≈).## ##.≈≈######
##≈## ##≈####≈## #≈#
#≈###...# #≈#
#≈##≈.∩..


You could see a kobold brigand and a kobold.

Vanquished Creatures
  A kobold brigand (Sewer)
  A hound (D:3)
  5 adders
  A river rat (D:3)
  6 worms
  A dart slug (D:1)
  2 endoplasms
  2 giant cockroaches
  2 goblins
  3 hobgoblins
  8 jackals
  10 kobolds
  A quokka (D:2)
  8 ball pythons
  4 bats
  2 frilled lizards
  7 rats
64 creatures vanquished.

Notes
Turn   | Place    | Note
-------+----------+-------------------------------------------
     0 | D:1      | omnomnOMINOUS the Octopode Wanderer began the quest for the
                  | Orb.
     0 | D:1      | omnomnOMINOUS set off with the following items: a +2
                  | dagger, 3 curare-tipped darts; and the following spells
                  | available to memorise: Summon Small Mammal, Foxfire, Call
                  | Canine Familiar, Ignite Poison
     0 | D:1      | Reached XP level 1. HP: 11/11 MP: 6/6
   262 | D:1      | Reached XP level 2. HP: 11/18 MP: 8/8
   467 | D:1      | Reached skill level 1 in Fighting
   566 | D:1      | Reached skill level 1 in Dodging
   567 | D:1      | Found a faded altar of an unknown god.
   577 | D:1      | Prayed at the altar of an unknown god.
   577 | D:1      | Became a worshipper of Fedhas Madash
   577 | D:1      | Reached * piety under Fedhas
   831 | D:1      | Reached XP level 3. HP: 11/23 MP: 9/9
  2212 | D:2      | Reached ** piety under Fedhas
  2535 | D:3      | Reached XP level 4. HP: 17/29 MP: 11/11
  2543 | D:3      | Learned a level 3 spell: Call Canine Familiar
  2770 | D:3      | Found a glowing drain.
  2810 | Sewer    | Entered a sewer
  3163 | Sewer    | Reached XP level 5. HP: 22/35 MP: 12/12
  4002 | Sewer    | Noticed a kobold brigand
  4026 | Sewer    | Killed a kobold brigand
  4293 | Sewer    | Reached XP level 6. HP: 23/42 MP: 13/13
  4486 | Sewer    | HP: 1/42 [kobold (2)]
  4487 | Sewer    | Mangled by a kobold brigand

Illustrated notes

Levels and vault maps discovered:
D:1:      erik_arrival_orb_chamber, layout_loops_ring,
          hellmonk_ecumenical_altar_blasted, st_stairs_5
D:2:      layout_basic, minmay_puff
D:3:      layout_loops_ring, nemelex_diamond_rough_becter,
          lightli_sewer_entry_pipes, nicolae_underground_beach, uniq_natasha,
          uniq_crazy_yiuf_cottage
Sewer:    sewer_co_15_rooms

Skill      XL: |  1  2  3  4  5 |
---------------+----------------+-----
Fighting       | 1 2 3 |  3.0
Dodging        | 1 2 3 |  3.0
Summonings     | 3 |  3.8
Throwing       | |  1.0
Stealth        | |  1.3
Spellcasting   | |  5.0
Fire Magic     | |  1.0

Action                   |  1- 3 |  4- 6 || total
-------------------------+-------+-------++-------
Melee: Dagger            |    82 |    97 ||   179
       Constrict         |    22 |    19 ||    41
       Tentacles         |    18 |    14 ||    32
 Cast: Call Canine Famil |       |     1 ||     1
  Use: Potion            |       |     4 ||     4
 Stab: Sleeping          |     4 |     2 ||     6
Armor: Skin              |     8 |     3 ||    11
Dodge: Dodged            |    48 |    44 ||    92

Table legend: (Time is in decaauts)
 A = Elapsed time spent in this place.
 B = Non-inter-level travel time spent in this place.
 C = Inter-level travel time spent in this place.
 D = Time resting spent in this place.
 E = Time spent auto-exploring this place.
 F = Levels seen in this place.
 G = Mean time per level.
                   A        B        C        D        E       F      G
               +--------+--------+--------+--------+--------+-----+--------+
         Total |   4486 |   4379 |    107 |   1495 |   2215 |   4 | 1121.5 |
       Dungeon |   2809 |   2702 |    107 |    255 |   2054 |   3 |  936.3 |
         Sewer |   1677 |   1677 |      0 |   1240 |    161 |   1 | 1677.0 |
               +--------+--------+--------+--------+--------+-----+--------+

Top non-repeatable levels by time:
   Sewer: 1677 daAuts
     D:1: 1272 daAuts
     D:2: 1178 daAuts
     D:3: 357 daAuts
